 Dungeon Crawl Stone Soup version 0.31.0-9-g3a7656b989 (webtiles) character file.

Game seed: 5051933705391495798

40 qw the Shooter (level 3, 0/20 HPs)
             Began as a Deep Elf Hunter on Feb 2, 2024.
             Slain by a hobgoblin (1 damage)
             ... on level 2 of the Dungeon.
             The game lasted 00:00:03 (777 turns).

qw the Shooter (Deep Elf Hunter)                     Turns: 777, Time: 00:00:04

Health: 0/20       AC:  3    Str: 10    XL:     3   Next: 30%
Magic:  5/5        EV: 17    Int: 13    God:
Gold:   37         SH:  0    Dex: 18    Spells: 2/2 levels left

rFire   . . .        a - +0 shortbow
rCold   . . .        (shield currently unavailable)
rNeg    . . .        c - +0 leather armour
rPois   .            (no helmet)
rElec   .            (no cloak)
rCorr   .            (no gloves)
SInv    .            (no boots)
Will    .....        (no amulet)
Stlth   ++           g - +5 ring of evasion
HPRegen 0.23/turn    (no ring)
MPRegen 0.09/turn

%: no passive effects
@: no status effects
A: no striking features
a: no special abilities


You were on level 2 of the Dungeon.
You visited 1 branch of the dungeon, and saw 2 of its levels.

You collected 57 gold pieces.
You spent 20 gold pieces at shops.


   Skills:
 - Level 1.5 Fighting
 + Level 6.9 Ranged Weapons
 - Level 2.4 Dodging
 - Level 1.2 Stealth


You had 2 spell levels left.
You didn't know any spells.
Your spell library was empty.

Inventory:

Hand Weapons
 a - a +0 shortbow (weapon)
Armour
 c - a +0 leather armour (worn)
Jewellery
 g - a +5 ring of evasion (left hand)
Scrolls
 b - a scroll of blinking {unknown}
Potions
 i - 2 potions of curing

Dungeon Overview and Level Annotations

Branches:
Dungeon (2/15)

Altars:

Shops:
D:1 *


Message History

The goblin misses you. The hobgoblin completely misses you.
The goblin barely misses you.
You shoot an arrow. The arrow hits the goblin.
The goblin is severely wounded.
The goblin misses you. The hobgoblin hits you. The goblin closely misses you.
You shoot an arrow. The arrow hits the goblin!
You kill the goblin!
The goblin unwields a +0 club.
The goblin wields a +0 sling.
The goblin shoots a sling bullet.
The sling bullet closely misses you. The hobgoblin closely misses you.
The goblin barely misses you.
You shoot an arrow. The arrow hits the hobgoblin.
The hobgoblin is lightly wounded.
The hobgoblin misses you. The hobgoblin barely misses you.
The goblin hits you with a +0 dagger.
You shoot an arrow.
The arrow completely misses the hobgoblin.
The arrow closely misses the goblin.
The hobgoblin barely misses you.
The hobgoblin hits you but does no damage.
The goblin hits you with a +0 dagger.
You shoot an arrow.
The arrow hits the hobgoblin but does no damage.
The hobgoblin is lightly wounded.
The hobgoblin barely misses you. x2; The goblin completely misses you.
You shoot an arrow.
The arrow hits the hobgoblin but does no damage.
The hobgoblin is lightly wounded.
The hobgoblin misses you. The hobgoblin hits you.
The goblin closely misses you.
You shoot an arrow. The arrow hits the hobgoblin.
The hobgoblin is heavily wounded.
The hobgoblin completely misses you. x2; The goblin barely misses you.
You shoot an arrow. The arrow barely misses the hobgoblin.
The arrow hits the goblin.
You kill the goblin!
The goblin hits you with a +0 dagger. The hobgoblin completely misses you.
The hobgoblin hits you but does no damage.
You shoot an arrow. The arrow hits the hobgoblin.
You kill the hobgoblin!
The hobgoblin hits you.
You die...

...............#
##...........#
##....%...).#
##..###....# ##
####.## ##...# #.
####....# .#...##
###.##.....###
'####..#
.......#.##g#...#
##.#
.%###...'.@))%.+
#.#
..####.##g#...#
##.# #.# #..###
'####^.#
#<#####...#
.#...## #...#
###.## ##.###
###.# ##..###..#
#.####........#
#....#........#
####..........#


You could see a hobgoblin and a goblin.

Vanquished Creatures
  2 dart slugs (D:1)
  A ball python (D:1)
  2 endoplasms (D:1)
  5 goblins
  10 hobgoblins
  2 kobolds
  A quokka (D:1)
  5 bats
  2 frilled lizards (D:1)
  2 rats (D:1)
32 creatures vanquished.

Notes
Turn   | Place    | Note
-------+----------+-------------------------------------------
     0 | D:1      | qw the Deep Elf Hunter began the quest for the Orb.
     0 | D:1      | Reached XP level 1. HP: 12/12 MP: 3/3
     0 | D:1      | 0 ||| qw: Version: 0.3-a-155-g5e7d8dd
     0 | D:1      | 0 ||| qw: Game counter: 1343
     0 | D:1      | 0 ||| qw: Melee chars always use a shield: true
     0 | D:1      | 0 ||| qw: God list: Okawaru
     0 | D:1      | 0 ||| qw: Allow faded altars: false
     0 | D:1      | 0 ||| qw: Do Orc after clearing Dungeon:15 true
     0 | D:1      | 0 ||| qw: Do second Lair branch before Depths: true
     0 | D:1      | 0 ||| qw: Lair rune preference: random
     0 | D:1      | 0 ||| qw: Goals: Normal
     0 | D:1      | 0 ||| PLANNING D:1-11
   173 | D:1      | Reached skill level 6 in Ranged Weapons
   173 | D:1      | Reached XP level 2. HP: 14/16 MP: 4/4
   252 | D:1      | Found Kuucuran's Assorted Antiques.
   255 | D:1      | 255 ||| BUYING clear potion (20 gold).
   255 | D:1      | Bought a clear potion for 20 gold pieces
   255 | D:1      | 255 ||| SHOPLISTING clear potion (20 gold, have 15).
   255 | D:1      | 255 ||| SHOPLISTING fluorescent wand (92 gold, have 15).
   255 | D:1      | 255 ||| SHOPLISTING glowing shortbow (138 gold, have 15).
   255 | D:1      | 255 ||| SHOPLISTING murky coppery potion (20 gold, have
                  | 15).
   255 | D:1      | 255 ||| SHOPLISTING scroll labelled HEOLIU OLOW (23 gold,
                  | have 15).
   583 | D:1      | 583 ||| UPGRADING to +5 ring of evasion.
   584 | D:1      | 584 ||| READING scroll labelled SIHIAR CYOBE.
   585 | D:1      | 585 ||| READING 2 scrolls labelled BEENEO QAJE.
   586 | D:1      | 586 ||| READING 2 scrolls labelled HEOLIU OLOW.
   586 | D:1      | 586 ||| IDENTIFYING fizzy golden potion
   587 | D:1      | 587 ||| READING scroll of identify.
   587 | D:1      | 587 ||| IDENTIFYING 2 clear potions
   588 | D:1      | 588 ||| DROPPING scroll of butterflies.
   589 | D:1      | 589 ||| DROPPING scroll of poison.
   590 | D:1      | 590 ||| DROPPING potion of degeneration.
   592 | D:1      | 592 ||| Stepping ~*~*~tactically~*~*~ (cloud).
   597 | D:1      | HP: 4/16 [poisoned by you (poison gas)]
   712 | D:2      | Reached XP level 3. HP: 20/20 MP: 5/5
   772 | D:2      | HP: 5/20 [goblin/+0 dagger (2)]
   776 | D:2      | HP: 1/20 [goblin/+0 dagger (3)]
   777 | D:2      | Slain by a hobgoblin

Levels and vault maps discovered:
D:1:      dpeg_arrival_three_smaller_balls, layout_loops_cross, serial_shops,
          nicolae_shop_behind_doors
D:2:      cheibrodos_greedy_goblins, layout_rooms, minmay_domino_2,
          uniq_natasha, uniq_terence

Skill      XL: |  1 |
---------------+----+-----
Ranged Weapons | 6 |  6.9
Fighting       | |  1.5
Dodging        | |  2.4
Stealth        | |  1.2

Action                     || total
---------------------------++-------
   Fire: Shortbow          ||    82
    Use: Scroll            ||     4
 Armour: Leather armour    ||    24
  Dodge: Dodged            ||    60

Table legend:
 A = Non-vault XP
 B = Vault XP
 C = Vault XP percentage of total XP
 D = Non-vault monster count
 E = Vault monster count
 F = Vault count percentage of total count
                 A         B        C        D         E       F
            +---------+---------+-------+---------+---------+-------
      Total |      42 |      18 |  30.0 |      23 |       9 |  28.1
            +---------+---------+-------+---------+---------+-------
        D:1 |      38 |       0 |   0.0 |      20 |       0 |   0.0
        D:2 |       4 |      18 |  81.8 |       3 |       9 |  75.0
            +---------+---------+-------+---------+---------+-------
